 Dungeon Crawl Stone Soup version 0.19.5 (webtiles) character file.

3031 equalderp2856 the Gouger (level 9, -1/39 HPs)
             Began as a Felid Fighter on Mar 14, 2017.
             Slain by Shoikan's ghost (13 damage)
             ... on level 7 of the Dungeon.
             The game lasted 00:40:25 (14820 turns).

equalderp2856 the Gouger (Felid Fighter)           Turns: 14820, Time: 00:40:25

Health: -1/39      AC:  2    Str: 16    XL:     9   Next: 56%
Magic:  13/18      EV: 23    Int: 10    God:
Gold:   531        SH:  0    Dex: 17    Spells: 2 memorised, 17 levels left
                                        Lives:  0   Deaths: 2

rFire  . . .     SeeInvis +       - Unarmed
rCold  . . .     Gourm    .     (armour unavailable)
rNeg   . . .     Faith    .     (shield unavailable)
rPois  .         Spirit   .     (helmet unavailable)
rElec  .         Reflect  .     (cloak unavailable)
rCorr  .         Harm     .     (gloves unavailable)
MR     +....                    (boots unavailable)
Stlth  +++++.....               (no amulet)
                                w - ring of wizardry
                                f - +3 ring of strength

@: quick
A: no armour, no weapons or thrown items, stealth, claws 1, fangs 3, see
invisible, carnivore 3, speed 1, shaggy fur 2, slow metabolism 1, sharp paws
a: no special abilities


You were on level 7 of the Dungeon.
You were hungry.

You visited 1 branch of the dungeon, and saw 10 of its levels.
You also visited: Ossuary.

You collected 531 gold pieces.

Inventory:

Missiles
 c - 135 arrows
Jewellery
 d - an uncursed amulet of faith
 f - a +3 ring of strength (left paw)
 o - an uncursed ring of see invisible
 p - an uncursed ring of see invisible
 q - an uncursed amulet of faith
 w - a ring of wizardry (right paw)
 y - an uncursed amulet of inaccuracy
Wands
 u - a wand of teleportation (8/9)
 A - a wand of flame (34/48)
 K - a wand of acid (11/15)
Scrolls
 e - 5 scrolls of remove curse
 g - a scroll of immolation
 j - 14 scrolls of identify
 n - 3 scrolls of amnesia {unknown}
 F - 3 scrolls of magic mapping {unknown}
 G - a scroll of enchant armour {unknown}
 I - a scroll of blinking {unknown}
 J - 3 scrolls of holy word {unknown}
 L - 2 scrolls of enchant weapon {unknown}
 M - a scroll of recharging
Potions
 a - 2 potions of might
 i - 4 potions of curing
 k - 2 potions of lignification {unknown}
 l - 2 potions of invisibility {unknown}
 m - 2 potions of heal wounds {unknown}
 r - a potion of magic {unknown}
 t - 2 potions of mutation {unknown}
 v - 3 potions of brilliance {unknown}
 x - a potion of ambrosia {unknown}
 B - a potion of cure mutation {unknown}
 C - 3 potions of degeneration {unknown}
 E - a potion of berserk rage {unknown}
 H - 2 potions of haste {unknown}
 N - 2 potions of flight {unknown}
Books
 s - a book of Cantrips

   Spells                             Type                      Level
   a - Confusing Touch                Hexes                        1
   b - Animate Skeleton               Necromancy                   1
   c - Summon Small Mammal            Summoning                    1
   d - Apportation                    Translocation                1
Comestibles
 b - 6 meat rations
 h - 38 fruits
 z - 2 bread rations
 D - a beef jerky


   Skills:
 + Level 4.1 Fighting
 + Level 7.3 Dodging
 + Level 8.8 Stealth
 + Level 9.4 Unarmed Combat
 + Level 5.9 Spellcasting
 + Level 5.7 Hexes
 + Level 2.4 Summonings


You had 17 spell levels left.
You knew the following spells:

 Your Spells              Type           Power        Failure   Level  Hunger
a - Confusing Touch       Hex            ##....       1%          1    None
b - Summon Small Mammal   Summ           #...         4%          1    None


Dungeon Overview and Level Annotations

Branches:
Dungeon (10/15)            Temple (0/1) D:5            Lair (0/6) D:9
    Orc: D:9-12

Altars:
Cheibriados
Fedhas
Kikubaaqudgha
Qazlal
Ru
Xom

Annotations:
D:7 Shoikan's ghost, novice MiBe


Innate Abilities, Weirdness & Mutations

You cannot wear armour.
You are incapable of wielding weapons or throwing items.
Your paws allow you to move quietly. (Stealth)
You have sharp claws.
You have razor-sharp teeth.
You have supernaturally acute eyesight. (SInv)
You are carnivorous and can eat meat at any time.
You cover ground quickly.
You are covered in thick fur. (AC +2)
You have a slow metabolism.
Your sharp claws are effective at attacking unaware monsters.


Message History

Your rat bites Shoikan's ghost but does no damage.
Shoikan's ghost closely misses you.
Your rat bites Shoikan's ghost but does no damage.
Your bat closely misses Shoikan's ghost.
Your bat hits Shoikan's ghost but does no damage.
Casting: Confusing Touch
Confirm with . or Enter, or press ? or * to list all spells.
Your paws begin to glow brighter.
Your bat hits Shoikan's ghost but does no damage.
Your bat closely misses Shoikan's ghost.
You scratch Shoikan's ghost but do no damage.
Shoikan's ghost appears confused.
You bite Shoikan's ghost, but do no damage.
Shoikan's ghost is almost destroyed.
Your paws stop glowing.
You scratch Shoikan's ghost but do no damage.
Shoikan's ghost is almost destroyed.
Your bat hits Shoikan's ghost but does no damage.
Shoikan's ghost hits you!
You die...

........###.########.......##....
#...........#.....##.###.#....#.#
#.......#####..##.#..# #.##......
......####.....[....## #.##.#.#.#
###...# ##.#.#.#.#.#####.........
# ##..# #..........<.........####
# #..# #..#.#.#b#..######...# ##
# #..# #......Wr..## #######. #
#..# #..#.#.#@#.# ##########.. #
#..###..........# #........#.. #
#..>....#.#.#.#.###....###.#..
####.......................##.#..
...............#.#####.<<..##.#.(
####..#######.....(.##.....##.###
# #..# ##..#.#......#####.... #
#..# ###.....#..###.# ##### #
#..# #....#####.###.#### #..


You could see Shoikan's ghost (confused), a friendly bat and a friendly rat.

Vanquished Creatures
  Pikel (D:7)
  The ghost of Vorshek the Magician, a novice GrWz of Vehumet (D:6)
  Prince Ribbit (D:5)
  Sigmund (D:5)
  3 yaks (D:10)
  Edmund (D:5)
  An ice beast (D:9)
  4 ogres
  A phantom (D:7)
  A black bear (D:7)
  A necrophage (D:8)
  2 centaurs
  2 big kobolds
  2 bullfrogs (D:6)
  Blork the orc (D:5)
  A water moccasin zombie (D:6)
  2 scorpions
  5 centaur zombies (Ossuary)
  3 crimson imps (D:6)
  3 hounds (D:5)
  A jelly (D:5)
  6 orc wizards
  2 orc priests
  A bullfrog skeleton (D:7)
  A centaur skeleton (D:6)
  An iguana (D:8)
  3 worker ants
  A big kobold zombie (Ossuary)
  A hound skeleton (D:7)
  5 mummies
  5 gnolls
  15 adders
  3 adder skeletons
  3 worms
  4 dart slugs
  4 leopard geckos
  24 orcs
  8 bats
  6 giant cockroaches
  10 goblins
  11 hobgoblins
  9 jackals
  2 quokkas
  5 frilled lizards
  A goblin zombie (D:6)
  2 hobgoblin zombies (Ossuary)
  17 kobolds
  A kobold zombie (D:6)
  A quokka zombie (D:6)
  12 rats
202 creatures vanquished.

Vanquished Creatures (others)
  A slave (D:7)
  A centaur (D:7)
  A plant (D:9)
3 creatures vanquished.

Grand Total: 205 creatures vanquished

Notes
Turn   | Place    | Note
-------+----------+-------------------------------------------
     0 | D:1      | equalderp2856 the Felid Fighter began the quest for the Orb.
     0 | D:1      | Reached XP level 1. HP: 10/10 MP: 2/2
   271 | D:1      | Reached XP level 2. HP: 12/14 MP: 3/3
  1685 | D:1      | Reached XP level 3. HP: 17/17 MP: 4/4
  2556 | D:2      | Reached skill level 1 in Stealth
  3042 | D:1      | Reached XP level 4. HP: 15/21 MP: 5/5
  3442 | D:3      | Found a snail-covered altar of Cheibriados.
  3534 | D:3      | Reached skill level 5 in Unarmed Combat
  3542 | D:3      | Reached skill level 5 in Dodging
  3847 | D:3      | Reached XP level 5. HP: 20/24 MP: 6/6
  3995 | D:3      | Found a blossoming altar of Fedhas.
  4319 | D:3      | Learned a level 1 spell: Confusing Touch
  4321 | D:3      | Learned a level 1 spell: Summon Small Mammal
  4619 | D:3      | Reached skill level 1 in Spellcasting
  4929 | D:4      | Noticed an ogre
  4979 | D:3      | Slain by an adder
  4980 | D:3      | Reached XP level 4. HP: 0/21 MP: 7/7
  5135 | D:4      | Found a shimmering altar of Xom.
  5280 | D:4      | Killed an ogre
  5280 | D:4      | Reached XP level 5. HP: 24/24 MP: 8/10
  6698 | D:5      | Entered Level 5 of the Dungeon
  6736 | D:5      | Gained mutation: You are covered in thick fur. (AC +2) [Felid growth]
  6736 | D:5      | Reached XP level 6. HP: 21/28 MP: 11/11
  7253 | D:5      | Found a staircase to the Ecumenical Temple.
  7285 | D:5      | Reached skill level 6 in Unarmed Combat
  7326 | D:5      | Found a stormy altar of Qazlal.
  7328 | D:5      | Noticed Prince Ribbit
  7370 | D:5      | Noticed Sigmund
  7600 | D:5      | Noticed Edmund
  8088 | D:5      | Killed Sigmund
  8088 | D:5      | Reached skill level 1 in Summonings
  8088 | D:5      | Reached XP level 7. HP: 31/31 MP: 11/13
  8136 | D:5      | Killed Prince Ribbit
  8232 | D:5      | You fall through a shaft for 3 floors!
  8357 | D:8      | Reached skill level 5 in Stealth
  8831 | D:9      | Noticed a troll
  9153 | D:9      | Reached skill level 7 in Unarmed Combat
  9153 | D:9      | Reached XP level 8. HP: 34/34 MP: 13/15
  9164 | D:9      | Found a staircase to the Lair.
  9165 | D:9      | Noticed a komodo dragon
  9584 | D:8      | You fall through a shaft for 2 floors!
  9584 | D:10     | Entered Level 10 of the Dungeon
  9588 | D:10     | Found a sacrificial altar of Ru.
 10375 | D:6      | Reached skill level 5 in Spellcasting
 10395 | D:6      | Found an ancient bone altar of Kikubaaqudgha.
 10494 | D:6      | Noticed Vorshek's ghost (novice GrWz)
 10649 | D:6      | Slain by a gnoll
 10650 | D:6      | Reached XP level 7. HP: -2/31 MP: 15/15
 10681 | D:6      | Found a sand-covered staircase.
 10686 | Ossuary  | Entered an ossuary
 10708 | Ossuary  | Reached skill level 8 in Unarmed Combat
 10725 | Ossuary  | Reached XP level 8. HP: 9/36 MP: 16/16
 12283 | D:6      | Killed Vorshek's ghost
 12671 | D:7      | Noticed Shoikan's ghost (novice MiBe)
 12795 | D:5      | Noticed Blork the orc
 12802 | D:5      | Killed Blork the orc
 12802 | D:5      | Reached skill level 9 in Unarmed Combat
 12827 | D:5      | Killed Edmund
 12827 | D:5      | Reached XP level 9. HP: 39/39 MP: 16/18
 13145 | D:7      | Noticed Pikel
 13177 | D:7      | Killed Pikel
 13177 | D:7      | Reached skill level 5 in Hexes
 14820 | D:7      | Slain by Shoikan's ghost

Skill      XL: |  1  2  3  4  5  6  7  8  9 |
---------------+----------------------------+-----
Stealth        | 1 2 3 4 5 7 8 |  8.8
Unarmed Combat | 5 6 8 9 |  9.4
Dodging        | 5 7 |  7.3
Spellcasting   | 3 1 4 5 |  5.9
Summonings     | 1 2 |  2.4
Hexes          | 2 4 5 |  5.7
Fighting       | 4 |  4.1

Action                   |  1- 3 |  4- 6 |  7- 9 || total
-------------------------+-------+-------+-------++-------
Melee: Unarmed           |   159 |   179 |   378 ||   716
       Bite              |    13 |    20 |    55 ||    88
       Punch             |     2 |     5 |    23 ||    30
 Cast: Confusing Touch   |       |     6 |    48 ||    54
       Summon Small Mamm |       |     6 |    12 ||    18
  Use: Potion            |       |     1 |     1 ||     2
       Scroll            |       |     9 |     1 ||    10
 Stab: Sleeping          |     6 |    12 |    15 ||    33
       Confused          |       |     4 |    18 ||    22
  Eat: Chunk             |    11 |     6 |    12 ||    29
       Beef jerky        |       |       |     2 ||     2
Armor: Skin              |    11 |     7 |    14 ||    32
Dodge: Dodged            |   125 |   123 |   251 ||   499
